 Dungeon Crawl Stone Soup version 0.31.0-11-ge490571c62 (webtiles) character file.

Game seed: 408653179182482215

79 qw the Shooter (level 4, -2/22 HPs)
             Began as a Spriggan Hunter on Feb 3, 2024.
             Slain by Edmund
             ... wielding a +0 dire flail of protection
              (9 damage)
             ... on level 4 of the Dungeon.
             The game lasted 00:00:06 (2139 turns).

qw the Shooter (Spriggan Hunter)                    Turns: 2139, Time: 00:00:07

Health: -2/22      AC:  2    Str:  7    XL:     4   Next: 17%
Magic:  5/5        EV: 19    Int: 10    God:
Gold:   116        SH:  0    Dex: 20    Spells: 3/3 levels left

rFire   . . .        a - +0 shortbow
rCold   . . .        (shield currently unavailable)
rNeg    . . .        c - +0 robe
rPois   .            (helmet restricted)
rElec   .            (no cloak)
rCorr   .            (gloves unavailable)
SInv    +            (boots unavailable)
Will    .....        h - amulet of the acrobat
Stlth   ++           f - +4 ring of slaying {mikee}
HPRegen 0.23/turn    (no ring)
MPRegen 0.09/turn

%: acrobat
@: hasted, very quick
A: very small, no large weapons, unfitting armour, see invisible, speed 3
a: no special abilities


You were on level 4 of the Dungeon.
You visited 1 branch of the dungeon, and saw 4 of its levels.

You collected 116 gold pieces.


Innate Abilities, Weirdness & Mutations

You are very small and have problems with some larger weapons.
You are too small for most types of armour.
You have supernaturally acute eyesight. (SInv)
You cover ground extremely quickly. (Speed+++)


   Skills:
 - Level 1.5 Fighting
 - Level 5.0 Ranged Weapons
 + Level 4.4 Dodging
 - Level 1.5 Stealth


You had 3 spell levels left.
You didn't know any spells.
Your spell library was empty.

Inventory:

Hand Weapons
 a - a +0 shortbow (weapon)
Armour
 c - a +0 robe (worn)
Jewellery
 f - a +4 ring of slaying (left hand) {mikee}
 h - an amulet of the acrobat (around neck)
Scrolls
 d - 2 scrolls of teleportation
Potions
 e - a potion of heal wounds

Dungeon Overview and Level Annotations

Branches:
Dungeon (4/15)
 Temple: D:4-7

Altars:
Ashenzari
Trog
Wu Jian
Zin

Annotations:
D:4 Edmund


Message History

The dart slug is severely wounded.
You shoot an arrow. The arrow hits the dart slug.
You kill the dart slug!
Edmund the Younger comes into view.
He is wielding a +0 dire flail of protection and carrying a wand of flame.
Found a black potion.
Edmund shouts!
2127 ||| DRINKING potion of haste.
You feel yourself speed up.
You shoot an arrow. The arrow hits Edmund.
Edmund is lightly wounded.
You shoot an arrow. The arrow hits Edmund.
Edmund is lightly wounded.
You shoot an arrow. The arrow hits Edmund.
Edmund is moderately wounded.
Edmund misses you.
You shoot an arrow.
The arrow hits Edmund but does no damage.
Edmund is moderately wounded.
Edmund barely misses you.
You shoot an arrow. The arrow barely misses Edmund.
You shoot an arrow.
The arrow hits Edmund but does no damage.
Edmund is moderately wounded.
Edmund zaps a wand.
The puff of flame hits you!
You shoot an arrow. The arrow closely misses Edmund.
Edmund zaps a wand.
The puff of flame hits you!
You shoot an arrow. The arrow hits Edmund.
Edmund is moderately wounded.
Edmund misses you.
You shoot an arrow. The arrow barely misses Edmund.
You shoot an arrow. The arrow hits Edmund.
Edmund is heavily wounded.
Edmund misses you.
You shoot an arrow. The arrow hits Edmund.
Edmund is heavily wounded.
Edmund hits you but does no damage.
You shoot an arrow. The arrow hits Edmund.
Edmund is heavily wounded.
Edmund hits you with a +0 dire flail of protection!
You die...
Edmund says, "That'll show my brother!"

.# # .# .# # ##.#..#.
..### #..#....
...###.....##
.$.......!. ..
###.....# <. ##...@.#.#
. . ......@#.#.## .# ..
###.........######.#...
#..#.#................
#. #.##.......).......
#. ......#...........#
# #...#..#####%###...#
#..##.## #.....#.# ...
..# #.###.#.#


You could see Edmund.

Vanquished Creatures
  3 adders
  4 dart slugs
  2 orcs
  2 ball pythons
  3 endoplasms
  3 giant cockroaches
  6 goblins
  4 hobgoblins
  7 kobolds
  2 bats
  4 rats
40 creatures vanquished.

Notes
Turn   | Place    | Note
-------+----------+-------------------------------------------
     0 | D:1      | qw the Spriggan Hunter began the quest for the Orb.
     0 | D:1      | Reached XP level 1. HP: 10/10 MP: 2/2
     0 | D:1      | 0 ||| qw: Version: 0.3-a-155-g5e7d8dd
     0 | D:1      | 0 ||| qw: Game counter: 3404
     0 | D:1      | 0 ||| qw: Melee chars always use a shield: true
     0 | D:1      | 0 ||| qw: God list: Okawaru
     0 | D:1      | 0 ||| qw: Allow faded altars: false
     0 | D:1      | 0 ||| qw: Do Orc after clearing Dungeon:15 true
     0 | D:1      | 0 ||| qw: Do second Lair branch before Depths: true
     0 | D:1      | 0 ||| qw: Lair rune preference: random
     0 | D:1      | 0 ||| qw: Goals: Normal
     0 | D:1      | 0 ||| PLANNING D:1-11
    40 | D:1      | Reached skill level 3 in Dodging
   109 | D:1      | Reached XP level 2. HP: 14/14 MP: 3/3
   701 | D:1      | 701 ||| READING 2 scrolls labelled CUFEKL FEKI FUA.
   706 | D:1      | 706 ||| READING scroll labelled CERIOP KETWA.
   706 | D:1      | 706 ||| ENCHANTING +0 shortbow.
   707 | D:1      | 707 ||| READING scroll labelled BIVVEH YDUGEC.
   708 | D:1      | 708 ||| DROPPING scroll of butterflies.
   801 | D:2      | Reached XP level 3. HP: 18/18 MP: 4/4
  1036 | D:2      | 1036 ||| UPGRADING to amulet of the acrobat.
  1041 | D:2      | 1041 ||| UPGRADING to +4 ring of slaying {mikee}.
  1042 | D:2      | 1042 ||| READING 2 scrolls labelled TOPHAI KEUCHU.
  1143 | D:2      | 1143 ||| DROPPING scroll of vulnerability.
  1417 | D:3      | Found a broken altar of Ashenzari.
  1618 | D:3      | Found a bloodstained altar of Trog.
  1622 | D:3      | Found an ornate altar of the Wu Jian Council.
  1665 | D:3      | Found a faded altar of an unknown god.
  1681 | D:3      | Found a glowing silver altar of Zin.
  1814 | D:3      | Reached skill level 5 in Ranged Weapons
  2053 | D:3      | 2053 ||| READING 2 scrolls of identify.
  2053 | D:3      | 2053 ||| IDENTIFYING clear potion
  2054 | D:3      | 2054 ||| READING scroll of identify.
  2054 | D:3      | 2054 ||| IDENTIFYING viscous amethyst potion
  2055 | D:3      | 2055 ||| READING scroll labelled FESO ABRYTTEILAM.
  2091 | D:4      | 2091 ||| PLANNING OSSUARY
  2112 | D:4      | Reached XP level 4. HP: 22/22 MP: 5/5
  2126 | D:4      | Noticed Edmund
  2127 | D:4      | 2127 ||| DRINKING potion of haste.
  2139 | D:4      | Slain by Edmund

Levels and vault maps discovered:
D:1:      minmay_arrival_four_loops, layout_loops_cross
D:2:      layout_rooms, wad_floor_pattern_2
D:3:      layout_basic, ashenzari_altar_1, nicolae_overflow_hidden_temple,
          shapermc_ecumenical_altar_mp_highgroup
D:4:      layout_rooms, enter_ossuary_5, uniq_natasha, uniq_edmund

Skill      XL: |  1  2  3 |
---------------+----------+-----
Dodging        | 3 4 |  4.4
Ranged Weapons | 5 |  5.0
Fighting       | |  1.5
Stealth        | |  1.5

Action                     |  1- 3 |  4- 6 || total
---------------------------+-------+-------++-------
   Fire: Shortbow          |    85 |    14 ||    99
    Use: Scroll            |     7 |       ||     7
         Potion            |       |     1 ||     1
 Armour: Robe              |     4 |     4 ||     8
  Dodge: Dodged            |    17 |     4 ||    21

Table legend:
 A = Non-vault XP
 B = Vault XP
 C = Vault XP percentage of total XP
 D = Non-vault monster count
 E = Vault monster count
 F = Vault count percentage of total count
                 A         B        C        D         E       F
            +---------+---------+-------+---------+---------+-------
      Total |     114 |       0 |   0.0 |      40 |       0 |   0.0
            +---------+---------+-------+---------+---------+-------
        D:1 |      22 |       0 |   0.0 |      12 |       0 |   0.0
        D:2 |      37 |       0 |   0.0 |      12 |       0 |   0.0
        D:3 |      32 |       0 |   0.0 |      12 |       0 |   0.0
        D:4 |      23 |       0 |   0.0 |       4 |       0 |   0.0
            +---------+---------+-------+---------+---------+-------
